 Dungeon Crawl Stone Soup version 0.31.0-32-g396128a36d (webtiles) character file.

Game seed: 6552559602377830172

992 Fabroid the Covered (level 8, -4/102 HPs)
             Began as a Hill Orc Fighter on Mar 18, 2024.
             Was a High Priest of Ignis.
             Succumbed to an orc priest's poison
             ... on level 5 of the Dungeon on Mar 20, 2024.
             The game lasted 01:16:15 (6344 turns).

Fabroid the Covered (Hill Orc Fighter)              Turns: 6344, Time: 01:16:16

Health: -4/102     AC: 17    Str: 21    XL:     8   Next: 18%
Magic:  8/8        EV:  6    Int:  8    God:    Ignis [*****.]
Gold:   224        SH:  4    Dex: 10    Spells: 7/7 levels left

rFire   + + .        v - +5 dagger
rCold   . . .        c - +0 buckler
rNeg    . . .        C - +0 plate armour
rPois   .            (no helmet)
rElec   .            (no cloak)
rCorr   .            h - +0 pair of gloves
SInv    .            (no boots)
Will    .....        x - amulet of guardian spirit Stlth
                     e - +4 ring of protection
HPRegen 0.37/turn    E - ring of protection from fire
MPRegen 0.11/turn

%: guardian spirit
@: berserking, lethally poisoned (-4 -> -30), very quick
A: no striking features
a: Renounce Religion, Convert to Beogh, Fiery Armour, Foxfire Swarm, Rising
Flame


You were on level 5 of the Dungeon.
You worshipped Ignis.
Ignis was extremely pleased with you.
You visited 1 branch of the dungeon, and saw 6 of its levels.

You collected 224 gold pieces.

Inventory:

Hand Weapons
 a - a +0 war axe
 l - a +0 mace
 p - a +0 spear
 v - a +5 dagger (weapon)
 F - a +0 shortbow
Missiles
 y - 3 curare-tipped darts
Armour
 c - a +0 buckler (worn)
 h - a +0 pair of gloves (worn)
 C - a +0 plate armour (worn)
Jewellery
 e - a +4 ring of protection (left hand)
 f - a +6 ring of intelligence
 x - an amulet of guardian spirit (around neck)
 D - an amulet of magic regeneration
 E - a ring of protection from fire (right hand)
Talismans
 t - a flux talisman
Wands
 A - a wand of paralysis (8)
Scrolls
 b - 2 scrolls of blinking {unknown}
 d - a scroll of amnesia {unknown}
 i - 3 scrolls of revelation
 k - 2 scrolls of enchant weapon
 m - a scroll of vulnerability
 o - a scroll of noise
 s - a scroll of poison
 u - a scroll of butterflies
 w - 3 scrolls of immolation {unknown}
 B - a scroll of fear {unknown}
Potions
 g - 2 potions of brilliance {unknown}
 n - a potion of degeneration {unknown}
 q - a potion of resistance {unknown}
 r - 2 potions of lignification {unknown}


   Skills:
 + Level 5.1 Fighting
 + Level 4.8 Short Blades
 + Level 3.6(3.8) Axes
 + Level 0.4(1.9) Maces & Flails
 + Level 1.1(2.2) Polearms
 + Level 5.9 Armour
 + Level 1.9 Dodging
 * Level 2.0 Stealth
 + Level 4.6 Shields


You had 7 spell levels left.
You didn't know any spells.
Your spell library contained the following spells:

 Spells                   Type           Power      Damage    Failure   Level
 Sting                    Conj/Alch      0%         1d3       100%        1
 Mercury Vapours          Alch/Air       0%         N/A       100%        2
 Static Discharge         Conj/Air       0%         3-3/arc   100%        2
 Sublimation of Blood     Necr           0%         N/A       100%        2
 Airstrike                Air            0%         2d(0-16)  100%        4
 Olgreb's Toxic Radiance  Alch           0%         N/A       100%        4
 Petrify                  Alch/Erth      0%         N/A       100%        4
 Summon Lightning Spire   Summ/Air       0%         N/A       100%        4
 Irradiate                Conj/Alch      0%         3d11      100%        5


Dungeon Overview and Level Annotations

Branches:
Dungeon (6/15)             Temple (0/1) D:4

Altars:
Ashenzari
Uskayaw
Ignis


Message History

The orc priest hits you but does no damage.
You hit the orc priest but do no damage.
The orc priest is moderately wounded.
You feel very sick.
You hit the orc priest.
The orc priest is heavily wounded.
You feel very sick.
The orc priest shouts, "Surrender to Beogh and we'll let you live!"
The orc priest closely misses you.
You barely miss the orc priest.
The orc priest is heavily wounded.
You feel sick.
The orc priest hits you but does no damage.
You are more poisoned.
You hit the orc priest but do no damage.
The orc priest is heavily wounded.
* * * LOW HITPOINT WARNING * * *
You feel very sick.
The orc priest hits you but does no damage.
You are lethally poisoned!
You barely miss the orc priest.
The orc priest is heavily wounded.
* * * LOW HITPOINT WARNING * * *
You feel very sick.
The orc priest hits you but does no damage.
You are more poisoned.
You barely miss the orc priest.
The orc priest is heavily wounded.
* * * LOW HITPOINT WARNING * * *
You feel very sick.
The orc priest hits you but does no damage.
You are more poisoned.
You barely miss the orc priest.
The orc priest is heavily wounded.
* * * LOW HITPOINT WARNING * * *
You feel very sick.
It was a potion of berserk rage.
A red film seems to cover your vision as you go berserk!
You feel yourself moving faster!
You feel mighty!
You die...

.......#...##...##......#
.############...##......#
.#...'......#...#.o..)..#
.'...#......#..[#.....>.#
.#...#......#.[.)...o..<#
.##'###.....#..[##......#
......#.....#...#########
......#.....'...o)......#
......#....##...@#......#
......#....##...##......#
......#....##...##......#
......#......#######....#
#.....#.....'...........#
#.....#....###########..#
#.....#.................#
#.....#...(.'############
'.....#.....#....#


You could see an orc priest.

Vanquished Creatures
  A water moccasin (D:5)
  A black bear (D:5)
  An ogre (D:5)
  A centaur (D:5)
  A bullfrog (D:5)
  A scorpion (D:4)
  A howler monkey (D:5)
  4 hounds
  An orc priest (D:5)
  Terence (D:2)
  4 orc wizards (D:5)
  5 gnolls
  6 adders
  A white imp (D:5)
  2 dart slugs (D:4)
  2 ribbon worms
  6 orcs
  2 bats
  6 endoplasms
  6 giant cockroaches
  5 goblins
  6 hobgoblins
  5 jackals
  3 quokkas
  9 ball pythons
  4 frilled lizards
  8 kobolds
  5 rats
98 creatures vanquished.

Notes
Turn   | Place    | Note
-------+----------+-------------------------------------------
     0 | D:1      | Fabroid the Hill Orc Fighter began the quest for the Orb.
     0 | D:1      | Reached XP level 1. HP: 19/19 MP: 1/1
    80 | D:1      | Reached XP level 2. HP: 24/27 MP: 2/2
   648 | D:1      | Reached XP level 3. HP: 29/33 MP: 3/3
  1258 | D:2      | Found a faded altar of an unknown god.
  1269 | D:2      | Prayed at the altar of an unknown god.
  1269 | D:2      | Became a worshipper of Ignis, the Dying Flame
  1572 | D:2      | Reached skill level 1 in Polearms
  1572 | D:2      | Reached XP level 4. HP: 41/41 MP: 4/4
  1969 | D:2      | Noticed Terence
  1994 | D:2      | Killed Terence
  1995 | D:2      | Reached skill level 1 in Short Blades
  2624 | D:3      | Reached XP level 5. HP: 47/47 MP: 5/5
  3114 | D:4      | Found a staircase to the Ecumenical Temple.
  3341 | D:4      | Reached skill level 1 in Dodging
  3347 | D:4      | Reached XP level 6. HP: 39/53 MP: 6/6
  4257 | D:5      | Entered Level 5 of the Dungeon
  4257 | D:5      | Noticed a water moccasin
  4271 | D:5      | Killed a water moccasin
  4398 | D:5      | Reached XP level 7. HP: 24/60 MP: 3/7
  4538 | D:5      | Found a broken altar of Ashenzari.
  4865 | D:5      | Reached skill level 5 in Armour
  5220 | D:5      | Reached skill level 5 in Fighting
  5220 | D:5      | Reached skill level 1 in Stealth
  5733 | D:5      | Reached XP level 8. HP: 64/68 MP: 8/8
  5972 | D:6      | Noticed a +0 dagger
  5972 | D:6      | Noticed a +0 dagger
  5972 | D:6      | Found a hide-covered altar of Uskayaw.
  6343 | D:5      | HP: 1/68 [poisoned by an orc priest]
  6344 | D:5      | Succumbed to an orc priest's poison

Illustrated notes

Levels and vault maps discovered:
D:1:      heliophobic_arrival_henge, layout_basic
D:2:      layout_loops_ring, nicolae_ecumenical_oubliette,
          kennysheep_generic_room_15, uniq_terence
D:3:      minmay_chambers_of_threes, layout_basic
D:4:      layout_loops_corners, minmay_temple_entry_hall
D:5:      layout_gridville, overflow_temple_1_default, serial_co_window_serial,
          co_window_paths_b, co_window_paths_a, co_window_of_opportunity_a,
          co_window_corner_a, co_window_of_opportunity_a, co_window_broadway_a,
          co_window_2corner, co_window_paths_c, co_window_broadway_b,
          co_window_corner_ca
D:6:      minmay_diamond_boxcup, layout_cave_pools, dancing_weapons_uskayaw,
          mainiacjoe_overflow_two_lobes, uniq_blork_the_orc

Skill      XL: |  1  2  3  4  5  6  7  8 |
---------------+-------------------------+-----
Fighting       | 4 5 |  5.1
Axes           | 3 |  3.6
Polearms       | 1 |  1.1
Short Blades   | 2 4 |  4.8
Armour         | 4 5 |  5.9
Dodging        | 1 |  1.9
Shields        | 4 |  4.6
Stealth        | 1 2 |  2.0
Maces & Flails | |  0.4

Action                     |  1- 3 |  4- 6 |  7- 9 || total
---------------------------+-------+-------+-------++-------
  Melee: War axe           |    21 |    15 |       ||    36
         Dagger            |    36 |   230 |   149 ||   415
         Mace              |     7 |       |       ||     7
         Spear             |    49 |     1 |       ||    50
    Use: Scroll            |     2 |     8 |     3 ||    13
         Potion            |     1 |     1 |     1 ||     3
 Armour: Scale mail        |    77 |    19 |       ||    96
         Chain mail        |       |   115 |       ||   115
         Plate armour      |       |    15 |   170 ||   185
  Dodge: Dodged            |    47 |    80 |    35 ||   162
  Block: Buckler           |    36 |    39 |    33 ||   108
